 Dungeon Crawl Stone Soup version 0.31-a0-705-ga145531891 (webtiles) character file.

Game seed: 8490433876302716253

89 Ekaitz the Gusty (level 4, -4/24 HPs)
             Began as a Tengu Air Elementalist on Sept 9, 2023.
             Killed by divine providence
             ... invoked by an orc priest
              (12 damage)
             ... on level 5 of the Dungeon.
             The game lasted 00:04:56 (2874 turns).

Ekaitz the Gusty (Tengu Air Elementalist)           Turns: 2874, Time: 00:04:56

Health: -4/24      AC:  2    Str:  8    XL:     4   Next: 55%
Magic:  2/8        EV: 12    Int: 23    God:
Gold:   141        SH:  0    Dex: 15    Spells: 3/7 levels left

rFire   . . .        d - +1 short sword (drain)
rCold   . . .        (no shield)
rNeg    . . .        a - +0 robe
rPois   .            (helmet restricted)
rElec   .            (no cloak)
rCorr   .            (no gloves)
SInv    .            (boots unavailable)
Will    .....        (no amulet)
Stlth   ++           m - +6 ring of intelligence
HPRegen 0.24/turn    (no ring)
MPRegen 0.11/turn

%: acrobat
@: no status effects
A: beak, talons 3, acrobatic
a: no special abilities


You were on level 5 of the Dungeon.
You visited 1 branch of the dungeon, and saw 4 of its levels.

You collected 141 gold pieces.

Inventory:

Hand Weapons
 d - a +1 short sword of draining (weapon)
 e - a +2 dagger of draining
 r - a +2 hand axe of electrocution
Armour
 a - a +0 robe (worn)
Magical Staves
 p - a staff of death
Jewellery
 m - a +6 ring of intelligence (left hand)
Wands
 l - a wand of digging (6)
Scrolls
 c - a scroll of vulnerability {unknown}
 f - 7 scrolls of teleportation {unknown}
 h - 4 scrolls of identify {unknown}
 i - a scroll of blinking {unknown}
 k - 3 scrolls of poison {unknown}
 n - a scroll of enchant weapon {unknown}
 q - 2 scrolls of amnesia {unknown}
Potions
 b - a potion of magic
 g - a potion of haste {unknown}
 j - a potion of curing {unknown}
 o - a potion of might {unknown}


   Skills:
 * Level 0.7 Fighting
 * Level 2.6 Dodging
 + Level 2.5 Stealth
 + Level 2.4 Spellcasting
 + Level 2.1 Conjurations
 * Level 0.6 Fire Magic
 * Level 5.2 Air Magic


You had 3 spell levels left.
You knew the following spells:

 Your Spells              Type           Power      Damage    Failure   Level
a - Shock                 Conj/Air       76%        1d7       2%          1
b - Static Discharge      Conj/Air       38%        2-4/arc   4%          2
c - Foxfire               Conj/Fire      36%        2x1d5     7%          1

Your spell library contained the following spells:

 Spells                   Type           Power      Damage    Failure   Level
 Swiftness                Air            27%        N/A       4%          3
 Airstrike                Air            13%        2d(2-18)  14%         4
 Plasma Beam              Fire/Air       8%         2x1d18    99%         6
 Starburst                Conj/Fire      4%         6d4       100%        6


Dungeon Overview and Level Annotations

Branches:
Dungeon (3/15)

Altars:

Annotations:
D:3 3 runed translucent doors
D:5 Eustachio


Innate Abilities, Weirdness & Mutations

You have a beak for a mouth.
You have claws for feet.
You can magically evade attacks while moving or waiting.


Message History

The puff of flame hits you!
An orc priest comes into view. It is wielding a +0 flail.
Casting: Foxfire (safe; 7% risk of failure)
Confirm with . or Enter, or press ? or * to list all spells.
You conjure some foxfire!
The foxfire hits the orc wizard.
The orc wizard is lightly wounded.
The foxfire hits the orc wizard but does no damage.
The orc wizard is lightly wounded.
The foxfire hits the orc wizard but does no damage.
The orc wizard is lightly wounded.
The foxfire hits the orc wizard.
The orc wizard is moderately wounded.
The foxfire hits the orc wizard.
The orc wizard is moderately wounded.
Eustachio the Magnificent comes into view.
He is wielding a +2 rapier of protection.
There is an open door here.
The orc wizard points at you and mumbles some strange words.
The puff of flame misses you.
Casting: Foxfire (safe; 7% risk of failure)
Confirm with . or Enter, or press ? or * to list all spells.
Aiming: Shock (safe; 2% risk of failure)
Press: ? - help, Shift-Dir - straight line The zap hits the orc wizard.
The orc wizard is heavily wounded.
The zap hits the orc wizard.
The orc wizard is almost dead.
The orc wizard casts a spell at you. The puff of flame hits you!
Casting: Shock (safe; 2% risk of failure)
Confirm with . or Enter, or press ? or * to list all spells.
Aiming: Shock (safe; 2% risk of failure)
Press: ? - help, Shift-Dir - straight line The zap hits the orc wizard.
You kill the orc wizard!
The zap hits the orc priest.
The orc priest is moderately wounded.
The orc priest calls down the wrath of Beogh upon you.
Beogh smites you!
Ouch! That really hurt!
You die...

#.#@. .. #.#o#
...###.#.########
.......#)..........
..?................
)>.................
#...#####.o.......
... #####)###...###
# #..@...........
#.......†....#
#.........##.
#.........#
#####.##### #.# #.#
#.# #.#


You could see an orc priest.

Vanquished Creatures
  An orc wizard (D:5)
  2 adders
  An ufetubus (D:3)
  3 worms (D:2)
  An orc (D:5)
  4 ball pythons
  4 endoplasms
  3 giant cockroaches
  3 goblins
  9 hobgoblins
  5 quokkas
  6 bats
  2 frilled lizards (D:2)
  5 kobolds
  5 rats
54 creatures vanquished.

Vanquished Creatures (others)
  47 foxfires
47 creatures vanquished.

Grand Total: 101 creatures vanquished

Notes
Turn   | Place    | Note
-------+----------+-------------------------------------------
     0 | D:1      | Ekaitz the Tengu Air Elementalist began the quest for the
                  | Orb.
     0 | D:1      | Reached XP level 1. HP: 10/10 MP: 4/4
   151 | D:1      | Reached XP level 2. HP: 15/15 MP: 0/6
   154 | D:1      | Learned a level 2 spell: Static Discharge
  1047 | D:1      | Learned a level 1 spell: Foxfire
  1275 | D:2      | Reached XP level 3. HP: 20/20 MP: 3/7
  1900 | D:2      | Reached skill level 5 in Air Magic
  2023 | D:2      | Reached XP level 4. HP: 24/24 MP: 5/8
  2232 | D:2      | Found a faded altar of an unknown god.
  2427 | D:3      | Found a runed translucent gate.
  2450 | D:3      | Found a runed translucent gate.
  2450 | D:3      | Found a runed translucent gate.
  2702 | D:3      | You fall into a shaft and drop 2 floors!
  2702 | D:5      | Entered Level 5 of the Dungeon
  2867 | D:5      | Noticed Eustachio
  2874 | D:5      | Killed from afar by an orc priest

Illustrated notes

Levels and vault maps discovered:
D:1:      wander_arrival_fairy_ring, layout_basic
D:2:      layout_loops_ring, chequers_ecumenical_altar_twisty
D:3:      layout_basic, mainiacjoe_overflow_boulevard,
          nicolae_ru_the_path_less_chosen, gammafunk_ghost_icy,
          chequers_serial_rivers_small_3, item_on_display_a
D:5:      layout_basic, minmay_gold_behind_fungi, kennysheep_doodads,
          uniq_eustachio

Skill      XL: |  1  2  3 |
---------------+----------+-----
Air Magic      | 5 |  5.2
Conjurations   | 2 |  2.1
Fighting       | |  0.7
Dodging        | |  2.6
Stealth        | |  2.5
Spellcasting   | |  2.4
Fire Magic     | |  0.6

Action                     |  1- 3 |  4- 6 || total
---------------------------+-------+-------++-------
  Melee: Short sword       |     8 |     4 ||    12
         Kick              |     1 |       ||     1
   Cast: Shock             |    51 |    13 ||    64
         Foxfire           |    12 |    17 ||    29
         Static Discharge  |     4 |       ||     4
   Stab: Sleeping          |     4 |       ||     4
 Armour: Robe              |     9 |     4 ||    13
  Dodge: Dodged            |     8 |     4 ||    12

Table legend: (Time is in decaauts)
 A = Elapsed time spent in this place.
 B = Non-inter-level travel time spent in this place.
 C = Inter-level travel time spent in this place.
 D = Time resting spent in this place.
 E = Time spent auto-exploring this place.
 F = Levels seen in this place.
 G = Mean time per level.
                   A        B        C        D        E       F      G
               +--------+--------+--------+--------+--------+-----+--------+
         Total |   2872 |   2816 |     56 |     19 |   2477 |   4 |  718.0 |
       Dungeon |   2872 |   2816 |     56 |     19 |   2477 |   4 |  718.0 |
               +--------+--------+--------+--------+--------+-----+--------+

Top non-repeatable levels by time:
     D:2: 1195 daAuts
     D:1: 1129 daAuts
     D:3: 376 daAuts
     D:5: 171 daAuts
